AoeStats
← Gold Please

Arabia

509584146Analyzed
1v1 RM · 3d ago on Sep 27, 2026· 44m 7s· 2 players
Game mode
Random Map
Map size
Tiny (2 player)
Population
200
Speed
Normal
Resources
Standard
Victory
Conquest
Starting age
Dark Age
Ending age
Imperial Age
RankedLock teamsTeams togetherTeam positionsShared explorationLock speedFull tech treeHidden civsTurbo modeCheats
Victory
Defeat
🇻🇳 Vikings · Vietnam
1459
+19
🇯🇵 Saxons · Japan
1515
-19
napodoan
6:36 Loom
8:55 Feudal Age
9:29 Double-Bit Axe
12:19 Horse Collar
12:38 Fletching
20:07 Castle Age
18:19 Padded Archer Armor
20:46 Bodkin Arrow
20:19 Elite Skirmisher
20:55 Crossbowman
24:30 Ballistics
28:36 Leather Archer Armor
31:41 Bow Saw
32:01 Scale Mail Armor
32:12 Gold Mining
32:13 Stone Mining
36:25 Imperial Age
34:58 Chain Mail Armor
35:31 Forging
37:40 Plate Mail Armor
Gold Please
6:10 Loom
8:48 Feudal Age
9:16 Double-Bit Axe
14:55 Fletching
20:01 Castle Age
18:03 Horse Collar
18:47 Padded Archer Armor
20:39 Bodkin Arrow
21:12 Bow Saw
20:43 Crossbowman
22:07 Wheelbarrow
21:37 Gold Mining
27:48 Stone Mining
29:17 Scale Mail Armor
31:10 Chain Mail Armor
32:22 Forging
32:13 Squires
32:53 Arson
34:01 Hand Cart
34:57 Iron Casting
35:31 Heavy Plow
35:58 Town Watch
43:14 Leather Archer Armor
42:47 Gambesons
44:28 Masonry
Connection lost

Rejoining the realm…

Still unreachable

The connection could not be restored.

Session expired

The server has moved on; the page needs a fresh start.